Map: [EWC] Alcyone

Players

Coffee

  • Race: Terran Terran
  • Spawn Location: 1:00

ByuN - Winner!

  • Race: Terran Terran
  • Spawn Location: 7:00

Event: Esports World Cup 2024

VOD

Have the link to the VOD?

Description

Time

  • Played on: Aug. 17, 2024, 6:10 a.m.
  • Length: 7:34

All games in this series

Show
View Real Time Build Order
Export as new Build Order

Coffee Terran 

Build Orders: Cyclone Opening 

Get SALT Encoding   

  12  0:00  SCV  
  13  0:12  SCV  
  14  0:16  Supply Depot  
  14  0:24  SCV  
  15  0:38  SCV  
  15  0:39  Barracks  
  16  0:43  Refinery  
  16  0:50  SCV  
  16  0:53  Refinery  
  17  1:02  SCV  
  18  1:14  SCV  
  19  1:27  Orbital Command, Reaper  
  19  1:31  Supply Depot  
  20  1:43  Factory  
  20  1:53  SCV  
  21  1:59  Reaper  
  22  2:05  SCV  
  22  2:17  SCV  
  22  2:22  Command Center  
  23  2:28  Cyclone  
  25  2:31  SCV  
  25  2:34  Barracks Reactor  
  26  2:43  Supply Depot  
  26  2:44  SCV  
  26  3:01  SCV  
  26  3:02  Cyclone  
  27  3:09  Starport  
  27  3:13  Marine x2  
  27  3:14  SCV  
  30  3:26  SCV  
  30  3:34  Marine x2  
  30  3:36  Factory Tech Lab  
  30  3:38  SCV  
  33  3:46  Medivac  
  35  3:51  SCV  
  36  3:56  Refinery  
  36  3:57  Marine x2  
  36  3:58  Orbital Command  
  36  4:00  Factory Tech Lab  
  38  4:04  SCV  
  39  4:16  SCV  
  38  4:17  Marine  
  38  4:18  Marine  
  38  4:19  Siege Tank  
  43  4:25  SCV  
  43  4:26  Raven  
  43  4:28  Interference Matrix  
  46  4:33  Supply Depot  
  44  4:40  Marine x2  
  44  4:42  SCV x2  
  48  4:51  Siege Tank  
  51  4:54  SCV x2  
  51  4:55  Supply Depot  
  53  5:00  Marine x2, Refinery  
  53  5:03  Raven  
  53  5:06  SCV x2  
  57  5:25  SCV x2  
  57  5:27  Siege Tank, Marine x2  
  63  5:30  Supply Depot  
  63  5:35  Starport  
  62  5:42  SCV x2  
  64  5:52  Viking x2  
  64  5:56  SCV  
  69  5:57  SCV  
  69  6:03  Siege Tank  
  72  6:14  SCV  
  72  6:15  SCV, Liberator  
  77  6:19  Supply Depot  
  77  6:27  SCV  
  77  6:31  Supply Depot  
  77  6:32  Supply Depot  
  78  6:40  SCV, Siege Tank  
  78  6:46  Liberator  
  85  6:48  SCV  
  85  6:52  SCV  
  69  7:04  SCV  
  59  7:13  SCV  
Show
View Real Time Build Order
Export as new Build Order

ByuN Terran - Winner!

Build Orders: Cyclone Opening 

Get SALT Encoding   

  12  0:00  SCV  
  13  0:12  SCV  
  14  0:17  Supply Depot  
  14  0:24  SCV  
  15  0:38  SCV  
  15  0:39  Barracks  
  16  0:43  Refinery  
  16  0:50  SCV  
  16  0:53  Refinery  
  17  1:02  SCV  
  18  1:14  SCV  
  19  1:25  Reaper  
  19  1:27  Orbital Command  
  20  1:35  Supply Depot  
  20  1:41  Factory  
  20  1:52  SCV  
  21  1:57  Reaper  
  22  2:04  SCV  
  23  2:16  SCV  
  23  2:20  Command Center  
  24  2:27  Cyclone  
  24  2:28  SCV  
  27  2:35  Starport  
  27  2:41  SCV  
  28  2:45  Supply Depot  
  28  2:53  SCV  
  28  2:59  Cyclone  
  28  3:03  Barracks Reactor  
  28  3:05  SCV  
  31  3:13  Medivac  
  31  3:17  SCV  
  34  3:21  Refinery  
  34  3:29  SCV  
  34  3:33  Factory Tech Lab  
  35  3:38  Orbital Command  
  35  3:39  Marine x2  
  36  3:41  SCV  
  36  3:45  Liberator  
  40  3:53  SCV  
  41  3:56  Siege Tank  
  41  3:57  Marine x2  
  46  4:03  Supply Depot  
  46  4:05  SCV  
  46  4:09  SCV  
  48  4:16  Marine x2  
  50  4:17  SCV  
  50  4:20  Barracks  
  50  4:21  SCV  
  52  4:26  Supply Depot  
  52  4:29  SCV  
  52  4:30  Starport Tech Lab  
  53  4:33  SCV, Marine  
  55  4:38  Marine  
  55  4:40  Siege Tank  
  55  4:42  SCV  
  55  4:45  SCV  
  61  4:49  Supply Depot  
  61  4:51  Marine  
  62  4:54  SCV  
  62  4:58  SCV  
  62  4:59  Starport Reactor  
  64  5:00  Marine  
  64  5:06  SCV  
  66  5:09  Marine  
  66  5:11  Supply Depot  
  66  5:12  SCV  
  68  5:15  Siege Tank  
  68  5:18  SCV  
  68  5:19  Marine x2  
  74  5:24  Stimpack  
  74  5:26  SCV  
  75  5:30  SCV  
  76  5:37  Supply Depot  
  76  5:38  Command Center  
  76  5:42  Marine x3  
  76  5:43  Medivac x2  
  76  5:47  SCV x2  
  82  5:50  Siege Tank  
  82  5:55  Refinery  
  85  5:57  Engineering Bay  
  85  6:01  Engineering Bay  
  85  6:06  Marine x3  
  85  6:08  SCV x2  
  90  6:18  Starport Reactor  
  90  6:25  SCV x2  
  92  6:27  Barracks  
  92  6:31  Barracks  
  92  6:35  Supply Depot  
  92  6:37  SCV x2  
  92  6:38  Siege Tank  
  96  6:40  Marine x2  
  96  6:41  Marine, Barracks  
  99  6:49  SCV x2  
  101  6:58  Marine x2  
  101  6:59  Marine  
  99  7:01  SCV x2  
  100  7:14  SCV  
  65  7:16  Marine  
Tags
 
Add a new tag
Caveats
  • Supply blocks, unpowered buildings, or Contaminate may cause inaccurate times.
  • Supply counts are checked every 10 seconds.